 Dungeon Crawl Stone Soup version 0.28-a0-245-g639a1a48b9 (webtiles) character file.

Game seed: 6274072739494534815

2811 robertstho the Thaumaturge (level 10, -10/68 HPs)
             Began as a Djinni Fire Elementalist on Aug 24, 2021.
             Was an Initiate of Gozag.
             Shot with an arrow by a centaur warrior (19 damage)
             ... on level 8 of the Dungeon.
             The game lasted 00:12:49 (10556 turns).

robertstho the Thaumaturge (DjFE)                  Turns: 10556, Time: 00:12:50

Health: -10/68     AC:  4    Str:  7    XL:     10   Next: 2%
Gold:   775        EV: 13    Int: 20    God:    Gozag SH:  0 Dex: 14

rFire   + + +      SeeInvis .   t - +0 flail (protect)
rCold   x . .      Faith    .   (no shield)
rNeg    . . .      Spirit   .   a - +0 robe
rPois   ∞          Reflect  .   (no helmet)
rElec   .          Harm     .   n - +0 cloak
rCorr   .          Rampage  .   g - +0 pair of gloves
Will    +....                   (boots unavailable)
Stlth   ++........              (no amulet)
HPRegen 0.21/turn               d - ring of protection from fire
MPRegen 0.00/turn               (no ring)

@: gold aura, flying
A: sickness immunity, fire resistance 2, cold vulnerability 1, float, innate
caster, hp casting, extra vitality 1
a: Renounce Religion, Potion Petition, Call Merchant, Bribe Branch


You were on level 8 of the Dungeon.
You worshipped Gozag.
Gozag was pleased with you.
You visited 2 branches of the dungeon, and saw 9 of its levels.

You collected 809 gold pieces.
You paid 34 gold pieces to Gozag.

Inventory:

Hand Weapons
 h - a +0 short sword
 o - a +0 dagger of flaming
 t - a +0 flail of protection (weapon)
Missiles
 m - 2 throwing nets
Armour
 a - a +0 robe (worn)
 g - a +0 pair of gloves (worn)
 n - a +0 cloak (worn)
Jewellery
 d - a ring of protection from fire (left hand)
Wands
 s - a wand of flame (20)
 w - a wand of acid (6)
Scrolls
 b - 4 scrolls of fog
 j - a scroll of fear
 k - a scroll of magic mapping
 p - 2 scrolls of brand weapon {unknown}
 q - 4 scrolls of teleportation {unknown}
 r - a scroll of torment {unknown}
 v - a scroll of vulnerability
 x - a scroll of blinking
Potions
 c - a potion of brilliance
 e - 2 potions of attraction {unknown}
 f - a potion of mutation {unknown}
 i - a potion of haste {unknown}
 u - a potion of ambrosia {unknown}


   Skills:
 * Level 4.2 Fighting
 + Level 3.1 Dodging
 + Level 2.6 Stealth
 * Level 9.5 Spellcasting


You had 2 spell levels left.
You knew the following spells:

 Your Spells              Type           Power      Damage    Failure   Level
a - Foxfire               Conj/Fire      100%       2x1d9     1%          1
b - Conjure Flame         Conj/Fire      47%        6-21      1%          3
c - Inner Flame           Hex/Fire       47%        N/A       1%          3
d - Sticky Flame          Conj/Fire      47%        2d6       1%          4
e - Fireball              Conj/Fire      23%        3d11      4%          5
f - Summon Small Mammal   Summ           100%       N/A       1%          1
g - Blink                 Tloc           N/A        N/A       1%          2
h - Lesser Beckoning      Tloc           23%        N/A       1%          3
i - Fulminant Prism       Conj/Hex       23%        3d13      1%          4
Your spell library was empty.

Dungeon Overview and Level Annotations

Branches:
Dungeon (8/15)             Temple (1/1) D:4
   Lair: D:8-11

Altars:
Cheibriados
Fedhas
Gozag
Hepliaklqana
Nemelex Xobeh
Qazlal
Ru
Sif Muna
Trog
Uskayaw
Vehumet
Wu Jian
Xom
Yredelemnul
Zin
The Shining One


Innate Abilities, Weirdness & Mutations

You are immune to sickness and miasma.
You are immune to poison.
Your flesh is very heat resistant. (rF++)
You are vulnerable to cold. (rC-)
You float through the air rather than walking.
You learn spells naturally, not from books.
Your magical power is your life essence.
You have superior vitality. (+4 HP)


Message History

The fireball engulfs the howler monkey!!
You kill the howler monkey!
You hear a howl!
A centaur warrior comes into view.
A howler monkey comes into view.
A wight comes into view. It is wielding a +4 halberd.
You have reached level 10!
Unknown command.
The centaur warrior wields a +0 shortbow.
The centaur warrior shoots an arrow.
The arrow hits you!
The howler monkey hoots and howls with incredible vigour!
You hear a shout!
Casting: Fireball (dangerous; 4% risk of failure)
Confirm with . or Enter, or press ? or * to list all spells.
Aiming: Fulminant Prism (dangerous; 1% risk of failure)
Press: ? - help, Dir - move target You conjure a prism of explosive energy!
A fulminant prism comes into view.
Your fulminant prism crackles loudly.
The centaur warrior shoots an arrow.
The arrow completely misses you.
Your fulminant prism explodes!
The blast of energy engulfs the centaur warrior!!
The centaur warrior is moderately wounded.
The blast of energy engulfs the howler monkey!!
You kill the howler monkey!
The centaur warrior shoots an arrow.
The arrow hits you!!
You hear a shout! x2
Okay, then.
You feel better.
The centaur warrior shoots an arrow.
The arrow hits you!!
* * * LOW HITPOINT WARNING * * *
Aiming: Corrosive Bolt
Press: ? - help, Shift-Dir - straight line, f - centaur warrior
Aim: a centaur warrior, wielding a +0 shortbow and quivering arrows (moderately wounded, 79% to hit)
The bolt of acid hits the centaur warrior!
The centaur warrior is splashed with acid.
The acid corrodes the centaur warrior!
The centaur warrior is severely wounded.
The centaur warrior shoots an arrow.
The arrow barely misses you.
The centaur warrior shoots an arrow.
The arrow hits you!!
You die...
Your body crumbles into a pile of gold.

#:...###.......#
#..........#....
#....##....#.#..
#####........###.###
#..................#
##.###...###.#...#.#
#)........#.#.### #
#..######.#.#.# #
#.@# .#.#. # #..#
#.# # #..# #.# #
#..# #.# ##.c######
#.# #...$....#.#.#
###.z..#.#.#.#.
#............
#.##.#.#.....


You could see a centaur warrior (corroded) and a wight.

Vanquished Creatures
  Edmund (D:6)
  Menkaure (D:4)
  2 water moccasins
  3 orc warriors (D:7)
  A sky beast (D:5)
  2 ogres (D:5)
  A phantom (D:5)
  A centaur (D:4)
  A bullfrog (D:7)
  A gnoll sergeant (D:6)
  A water moccasin zombie (D:5)
  A scorpion (D:6)
  A wyvern skeleton (D:7)
  A water moccasin skeleton (D:6)
  2 howler monkeys (D:8)
  A centaur zombie (D:5)
  Crazy Yiuf (D:4)
  5 orc priests
  2 gnoll shamans
  A hound (D:5)
  4 jellies (D:5)
  Natasha (twice) (D:4)
  6 orc wizards
  A bullfrog skeleton (D:6)
  4 iguanas
  7 adders
  19 gnolls
  2 shadow imps
  A white imp (D:5)
  3 worms
  27 orcs
  7 ball pythons
  4 endoplasms
  2 giant cockroaches
  3 goblins
  10 hobgoblins
  2 jackals (D:4)
  6 kobolds
  3 quokkas (D:4)
  5 bats
  2 frilled lizards
  A jackal skeleton (D:4)
  6 rats
157 creatures vanquished.

Vanquished Creatures (collateral kills)
  2 foxfires (D:5)
2 creatures vanquished.

Vanquished Creatures (others)
  Sigmund (D:4)
  574 foxfires
  A fulminant prism (D:8)
  20 plants
596 creatures vanquished.

Grand Total: 755 creatures vanquished

Notes
Turn   | Place    | Note
-------+----------+-------------------------------------------
     0 | D:1      | robertstho the Djinni Fire Elementalist began the quest for
                  | the Orb.
     0 | D:1      | Reached XP level 1. HP: 15/15 MP: 0/0
   572 | D:1      | Reached XP level 2. HP: 21/22 MP: 0/0
  1276 | D:1      | Reached XP level 3. HP: 23/26 MP: 0/0
  1276 | D:1      | Learned a level 1 spell: Summon Small Mammal
  1280 | D:1      | Reached skill level 3 in Spellcasting
  1829 | D:2      | Reached skill level 1 in Fighting
  1974 | D:2      | Reached XP level 4. HP: 17/32 MP: 0/0
  2889 | D:3      | Found a blossoming altar of Fedhas.
  3773 | D:4      | Reached XP level 5. HP: 28/37 MP: 0/0
  3773 | D:4      | Learned a level 2 spell: Blink
  3980 | D:4      | Found a sparkling altar of Nemelex Xobeh.
  4011 | D:4      | Reached skill level 4 in Spellcasting
  4037 | D:4      | Noticed Natasha
  4080 | D:4      | HP: 1/37 [Natasha (4)]
  4082 | D:4      | Killed Natasha
  4589 | D:4      | Reached XP level 6. HP: 39/43 MP: 0/0
  4645 | D:4      | Noticed Sigmund
  4776 | D:4      | Killed Sigmund
  4781 | D:4      | Reached skill level 5 in Spellcasting
  4781 | D:4      | Reached XP level 7. HP: 28/49 MP: 0/0
  4781 | D:4      | Learned a level 3 spell: Lesser Beckoning
  4973 | D:4      | Found a staircase to the Ecumenical Temple.
  4995 | Temple   | Entered the Ecumenical Temple
  5035 | Temple   | Became a worshipper of Gozag Ym Sagoz the Greedy
  5216 | D:4      | Noticed Menkaure
  5221 | D:4      | Killed Menkaure
  5521 | D:4      | Noticed Natasha
  5528 | D:4      | Killed Natasha
  5604 | D:4      | Found a runed translucent door.
  5605 | D:4      | Noticed Crazy Yiuf
  5616 | D:4      | Killed Crazy Yiuf
  5800 | D:5      | Entered Level 5 of the Dungeon
  5847 | D:5      | Reached skill level 6 in Spellcasting
  5849 | D:5      | Reached XP level 8. HP: 43/55 MP: 0/0
  6184 | D:5      | Reached skill level 7 in Spellcasting
  6859 | D:5      | Reached XP level 9. HP: 55/61 MP: 0/0
  6859 | D:5      | Learned a level 4 spell: Fulminant Prism
  6914 | D:5      | Found a basalt altar of Yredelemnul.
  7224 | D:6      | Found a shimmering altar of Xom.
  7312 | D:6      | Noticed Edmund
  7335 | D:6      | Killed Edmund
  7577 | D:6      | Reached skill level 8 in Spellcasting
  9245 | D:7      | Found a glowing silver altar of Zin.
  9283 | D:7      | Reached skill level 9 in Spellcasting
 10544 | D:8      | Noticed a centaur warrior
 10545 | D:8      | Reached XP level 10. HP: 57/68 MP: 0/0
 10556 | D:8      | Shot with an arrow by a centaur warrior

Illustrated notes

Levels and vault maps discovered:
D:1:      dpeg_cavernosity, layout_basic
D:2:      layout_basic
D:3:      layout_rooms, fedhas_altar_2
D:4:      layout_loops_ring, nemelex_spade_bored_becter,
          minmay_temple_entry_statues_fountains, nrook_campfire, uniq_natasha,
          uniq_menkaure, uniq_sigmund, uniq_crazy_yiuf_cottage
D:5:      layout_basic, mainiacjoe_overflow_boulevard, nrook_loot_triangle,
          serial_bayou_pond_a, hangedman_abyss_or_decor_passed,
          roderic_roman_lattice, chequers_decorated_corner
D:6:      layout_gridville, xom_butterflies, uniq_edmund
D:7:      layout_basic, mainiacjoe_overflow_cross_hatched
D:8:      layout_basic, mainiacjoe_overflow_surrounded_room, erik_lair_island,
          serial_shops, shop, uniq_gastronok, uniq_psyche
Temple:   nicolae_temple_hex_pool

Skill      XL: |  1  2  3  4  5  6  7  8  9 |
---------------+----------------------------+-----
Spellcasting   | 3 4 5 6 7 9 |  9.5
Fighting       | 1 2 3 4 |  4.2
Stealth        | 2 |  2.6
Dodging        | 3 |  3.1

Action                   |  1- 3 |  4- 6 |  7- 9 | 10-12 || total
-------------------------+-------+-------+-------+-------++-------
Melee: Short sword       |     1 |       |       |       ||     1
       Dagger            |       |       |     7 |       ||     7
 Cast: Foxfire           |    82 |   120 |   144 |       ||   346
       Sticky Flame      |       |     1 |    13 |       ||    14
       Fireball          |       |       |    55 |       ||    55
       Fulminant Prism   |       |       |       |     1 ||     1
Evoke: Wand              |       |       |       |     1 ||     1
  Use: Scroll            |       |     5 |     3 |       ||     8
       Potion            |       |     1 |     1 |     1 ||     3
Armor: Robe              |     2 |     2 |    10 |       ||    14
Dodge: Dodged            |    12 |    15 |    28 |     2 ||    57

Table legend: (Time is in decaauts)
 A = Elapsed time spent in this place.
 B = Non-inter-level travel time spent in this place.
 C = Inter-level travel time spent in this place.
 D = Time resting spent in this place.
 E = Time spent auto-exploring this place.
 F = Levels seen in this place.
 G = Mean time per level.
                   A        B        C        D        E       F      G
               +--------+--------+--------+--------+--------+-----+--------+
         Total |  10557 |  10282 |    275 |    789 |   8411 |   9 | 1173.0 |
       Dungeon |  10495 |  10241 |    254 |    789 |   8381 |   8 | 1311.9 |
        Temple |     61 |     40 |     21 |      0 |     30 |   1 |   61.0 |
               +--------+--------+--------+--------+--------+-----+--------+

Top non-repeatable levels by time:
     D:6: 2013 daAuts
     D:4: 1928 daAuts
     D:1: 1754 daAuts
     D:5: 1352 daAuts
     D:7: 1297 daAuts
     D:2: 1072 daAuts
     D:3: 983 daAuts
     D:8: 92 daAuts
  Temple: 61 daAuts
